 Dungeon Crawl Stone Soup version 0.26.1-2-gb8aa6d0cf2 (webtiles) character file.

Game seed: 5823574039445011009

1817 Groucho the Covert (level 8, -11/36 HPs)
             Began as a Spriggan Enchanter on Feb 23, 2021.
             Mangled by a two-headed ogre
             ... wielding a +0 giant club
              (29 damage)
             ... on level 8 of the Dungeon.
             The game lasted 00:24:27 (16016 turns).

Groucho the Covert (Spriggan Enchanter)            Turns: 16016, Time: 00:24:28

Health: -11/36     AC:  2    Str:  6    XL:     8   Next: 85%
Magic:  12/18      EV: 18    Int: 17    God:
Gold:   105        SH:  5    Dex: 16    Spells: 1/20 levels left

rFire    . . .     SeeInvis +   C - +1 dagger (vamp)
rCold    . . .     Faith    .   (shield restricted)
rNeg     . . .     Spirit   .   b - +0 robe
rPois    .         Reflect  +   (helmet restricted)
rElec    .         Harm     .   (no cloak)
rCorr    .         Rampage  .   (gloves unavailable)
Will     +....                  (boots unavailable)
Stlth    ++++++....             i - amulet of reflection
HPRegen  0.12/turn              (no ring)
MPRegen  0.16/turn              (no ring)

@: confusing touch, very quick
A: very small, unfitting armour, see invisible, speed 3
a: no special abilities


You were on level 8 of the Dungeon.
You visited 2 branches of the dungeon, and saw 9 of its levels.

You collected 417 gold pieces.
You spent 312 gold pieces at shops.

Inventory:

Hand Weapons
 a - a +1 dagger
 s - a +2 short sword of electrocution
 t - a +1 dagger of holy wrath
 C - a +1 vampiric dagger (weapon)
 I - a +2 vampiric rapier
Missiles
 g - 142 stones
 m - 33 poisoned darts (quivered)
 F - 5 curare-tipped darts
Armour
 b - a +0 robe (worn)
Jewellery
 i - an amulet of reflection (around neck)
 D - a +6 ring of intelligence
Wands
 x - a wand of paralysis (12)
 y - a wand of iceblast (3)
 G - a wand of flame (4)
Scrolls
 d - 5 scrolls of identify
 f - 8 scrolls of teleportation
 j - 2 scrolls of fear {unknown}
 p - a scroll of blinking {unknown}
 u - 2 scrolls of immolation {unknown}
 w - a scroll of fog {unknown}
 z - 2 scrolls of magic mapping {unknown}
 B - a scroll of enchant armour {unknown}
 E - a scroll of remove curse {unknown}
 H - a scroll of noise
Potions
 c - 4 potions of curing
 e - 2 potions of cancellation {unknown}
 h - a potion of magic {unknown}
 k - 2 potions of heal wounds
 l - a potion of haste
 n - 4 potions of invisibility {unknown}
 o - 3 potions of mutation {unknown}
 q - a potion of might {unknown}
 r - 2 potions of lignification
 v - a potion of degeneration {unknown}
 A - a potion of brilliance {unknown}


   Skills:
 - Level 1.1 Short Blades
 - Level 3.0 Dodging
 * Level 14.0 Stealth
 + Level 6.5 Spellcasting
 - Level 1.0 Conjurations
 + Level 6.6 Hexes


You had one spell level left.
You knew the following spells:

 Your Spells              Type           Power        Failure   Level
a - Corona                Hex            31%          1%          1
b - Ensorcelled Hibernat  Hex/Ice        32%          4%          2
c - Confusing Touch       Hex            28%          2%          3
d - Dazzling Flash        Conj/Hex       36%          8%          3
e - Tukima's Dance        Hex            28%          2%          3
f - Invisibility          Hex            28%          77%         6
g - Apportation           Tloc           10%          12%         1

Your spell library contained the following spells:

 Spells                   Type           Power        Failure   Level
 Freeze                   Ice            20%          12%         1
 Frozen Ramparts          Ice            10%          36%         3
 Lesser Beckoning         Tloc           2%           36%         3
 Ozocubu's Armour         Ice            5%           36%         3
 Hailstorm                Conj/Ice       7%           69%         4
 Summon Ice Beast         Ice/Summ       5%           77%         4
 Alistair's Intoxication  Tmut/Pois      3%           98%         5


Dungeon Overview and Level Annotations

Branches:
Dungeon (8/15)             Temple (1/1) D:4
   Lair: D:8-11

Altars:
Cheibriados
Elyvilon
Fedhas
Gozag
Nemelex Xobeh
Okawaru
Qazlal
Ru
Sif Muna
Trog
Uskayaw
Wu Jian
Xom
Zin

Shops:
D:6 *!   D:7 (*


Innate Abilities, Weirdness & Mutations

You are very small and have problems with some larger weapons.
You are too small for most types of armour.
You have supernaturally acute eyesight. (SInv)
You cover ground extremely quickly.


Message History

The two-headed ogre easily resists.
Casting: Ensorcelled Hibernation (safe; 4% risk of failure)
Confirm with . or Enter, or press ? or * to list all spells.
Aiming: Ensorcelled Hibernation (safe; 4% risk of failure)
Press: ? - help, Shift-Dir - straight line, f/p - two-headed ogre
Aim: a two-headed ogre, wielding a +0 giant club and a +0 giant spiked club (chance to affect: 29%)
The two-headed ogre easily resists.
Casting: Ensorcelled Hibernation (safe; 4% risk of failure)
Confirm with . or Enter, or press ? or * to list all spells.
Your hands begin to glow red.
You hit the two-headed ogre but do no damage.
The two-headed ogre barely misses you.
The two-headed ogre hits you with a +0 giant spiked club!!
Ouch! That really hurt!
Unknown command.
Found a scroll of identify.
You hit the two-headed ogre but do no damage.
The two-headed ogre hits you with a +0 giant club!!
Ouch! That really hurt!
You die...

#####
###....###
#####........#
#.............
##...@......?
#....O.......
#...<........
#.............
##$...........
#............
##...........
##.....(....
##........


You could see a two-headed ogre.

Vanquished Creatures
  An ice beast (D:7)
  An orc warrior (D:6)
  2 sky beasts (D:5)
  A phantom (D:4)
  2 ogres
  2 centaurs
  A scorpion (D:5)
  4 wights (D:6)
  A jelly (D:5)
  2 orc priests
  A bullfrog skeleton (D:5)
  A hound (D:6)
  5 orc wizards
  3 iguanas
  Jessica (D:2)
  Ijyb (D:5)
  7 worker ants
  A worker ant zombie (D:7)
  8 adders
  2 shadow imps
  2 white imps (D:5)
  2 oozes
  5 worms
  2 dart slugs (D:1)
  2 leopard geckos (D:4)
  16 orcs
  3 giant cockroaches
  8 goblins
  8 hobgoblins
  19 jackals
  9 kobolds
  5 quokkas
  2 ball pythons
  5 bats
  6 frilled lizards
  9 rats
150 creatures vanquished.

Vanquished Creatures (others)
  3 plants (D:1)
  4 toadstools (D:1)
7 creatures vanquished.

Grand Total: 157 creatures vanquished

Notes
Turn   | Place    | Note
-------+----------+-------------------------------------------
     0 | D:1      | Groucho the Spriggan Enchanter began the quest for the Orb.
     0 | D:1      | Reached XP level 1. HP: 9/9 MP: 5/5
    71 | D:1      | Reached skill level 5 in Stealth
   189 | D:1      | Reached XP level 2. HP: 13/13 MP: 6/6
   308 | D:1      | Learned a level 2 spell: Ensorcelled Hibernation
   675 | D:1      | Reached skill level 6 in Stealth
  1023 | D:1      | Reached XP level 3. HP: 7/16 MP: 2/8
  1626 | D:2      | Found a faded altar of an unknown god.
  1762 | D:2      | Reached skill level 7 in Stealth
  2655 | D:2      | Noticed Jessica
  2660 | D:2      | Killed Jessica
  2661 | D:2      | Reached XP level 4. HP: 21/21 MP: 9/9
  3464 | D:1      | Learned a level 3 spell: Confusing Touch
  3506 | D:1      | Reached skill level 8 in Stealth
  4786 | D:3      | Reached XP level 5. HP: 24/24 MP: 10/10
  4805 | D:3      | Reached skill level 9 in Stealth
  4874 | D:3      | Found an iron altar of Okawaru.
  4955 | D:2      | Learned a level 3 spell: Dazzling Flash
  6473 | D:3      | Found a blossoming altar of Fedhas.
  7815 | D:4      | Noticed a phantom
  8873 | D:4      | Reached skill level 10 in Stealth
  9015 | D:4      | Reached XP level 6. HP: 28/28 MP: 6/11
  9619 | D:4      | Reached skill level 1 in Conjurations
  9680 | D:4      | Found a staircase to the Ecumenical Temple.
  9689 | Temple   | Entered the Ecumenical Temple
  9986 | D:4      | Found a shimmering blue altar of Sif Muna.
 10406 | D:5      | Entered Level 5 of the Dungeon
 10406 | D:5      | Noticed a sky beast
 10412 | D:5      | Killed a sky beast
 10413 | D:5      | Reached skill level 11 in Stealth
 10413 | D:5      | Reached XP level 7. HP: 32/32 MP: 12/14
 10417 | D:5      | Noticed Ijyb
 11518 | D:5      | Killed Ijyb
 11780 | D:5      | Learned a level 3 spell: Tukima's Dance
 12865 | D:5      | Reached skill level 12 in Stealth
 12865 | D:5      | Reached skill level 5 in Hexes
 13080 | D:5      | Reached skill level 5 in Spellcasting
 13256 | D:5      | Reached XP level 8. HP: 36/36 MP: 7/16
 13442 | D:5      | Found a glowing silver altar of Zin.
 14185 | D:6      | Found Yruulacu's Distillery.
 15160 | D:6      | Reached skill level 13 in Stealth
 15315 | D:6      | Found Lot Cesch's General Store.
 15318 | D:6      | Bought a scroll of noise for 12 gold pieces
 15390 | D:7      | Found a shimmering altar of Xom.
 15791 | D:7      | Found Iqazxyal's Antique Weapon Emporium.
 15848 | D:7      | Found Midwecw's Assorted Antiques.
 15879 | D:7      | Reached skill level 14 in Stealth
 15941 | D:7      | Bought a papyrus book for 300 gold pieces
 15980 | D:7      | Learned a level 6 spell: Invisibility
 15982 | D:7      | Learned a level 1 spell: Apportation
 16005 | D:8      | Noticed a two-headed ogre
 16016 | D:8      | Mangled by a two-headed ogre

Illustrated notes

Levels and vault maps discovered:
D:1:      ldierk_walled_garden_2, layout_loops_ring
D:2:      layout_loops_corners, chequers_ecumenical_altar_grove, uniq_jessica
D:3:      layout_loops_ring, old_standard_altar, nicolae_overflow_hidden_temple,
          minmay_misc_feat_rows
D:4:      layout_gridville, kennysheep_little_box,
          minmay_temple_entry_antechambers, eino_tiny_chamber,
          kennysheep_generic_room_15
D:5:      layout_basic, zin_academy, minmay_misc_feat_chi, uniq_ijyb
D:6:      layout_loops_ring, serial_shops, kennysheep_mini, shop
D:7:      layout_rooms, lemuel_crystal_altar, marbit_many_paths,
          gammafunk_ghost_berserking_beasts, serial_shops,
          nicolae_shop_competitors_out_of_business, shop, uniq_pikel
D:8:      layout_cave_pods, dpeg_lair_monsters, serial_shops, shop
Temple:   grunt_temple_mini_profane

Skill      XL: |  1  2  3  4  5  6  7  8 |
---------------+-------------------------+-----
Stealth        | 5 6 7 8 10 11 12 14 | 14.0
Spellcasting   | 3 4 5 6 |  6.5
Conjurations   | 1 |  1.0
Hexes          | 4 5 6 |  6.6
Short Blades   | |  1.1
Dodging        | |  3.0

Action                   |  1- 3 |  4- 6 |  7- 9 || total
-------------------------+-------+-------+-------++-------
Melee: Dagger            |   132 |   189 |   182 ||   503
Throw: Stone             |     6 |       |     1 ||     7
       Dart              |     3 |     4 |    13 ||    20
 Cast: Ensorcelled Hiber |    10 |    30 |    73 ||   113
       Corona            |     2 |       |       ||     2
       Confusing Touch   |       |     8 |    17 ||    25
       Apportation       |       |       |     1 ||     1
  Use: Potion            |       |       |     5 ||     5
       Scroll            |       |       |     4 ||     4
 Stab: Sleeping          |    20 |    28 |    46 ||    94
       Confused          |       |     6 |    14 ||    20
Armor: Robe              |     8 |     7 |    13 ||    28
Dodge: Dodged            |   100 |   180 |   117 ||   397
Block: Other             |       |       |    29 ||    29
